 Dungeon Crawl Stone Soup version 0.27-a0-1416-g941b2bd30b (webtiles) character file.

Game seed: 5489133311449984901

278 kae the Chopper (level 6, 0/56 HPs)
             Began as a Hill Orc Fighter on July 1, 2021.
             Slain by a wyvern (14 damage)
             ... on level 4 of the Dungeon.
             The game lasted 00:02:36 (3424 turns).

kae the Chopper (Hill Orc Fighter)                  Turns: 3424, Time: 00:02:37

Health: 0/56       AC: 10    Str: 20 (21) XL:     6   Next: 26%
Magic:  0/6        EV:  7    Int:  6 (8)  God:
Gold:   138        SH:  8    Dex:  7 (10) Spells: 5/5 levels left

rFire    . . .     SeeInvis .   a - +0 war axe
rCold    . . .     Faith    .   c - +0 kite shield
rNeg     + . .     Spirit   +   h - +4 scale mail of Immorality {Slay+5}
rPois    .         Reflect  .   (no helmet)
rElec    .         Harm     +   (no cloak)
rCorr    .         Rampage  .   (no gloves)
Will     +....                  (no boots)
Stlth    ..........             k - amulet "Dialaemp" {Spirit Harm Fly rN+}
HPRegen  0.18/turn              l - ring of willpower
MPRegen  0.10/turn              (no ring)

@: flying
A: no striking features
a: no special abilities


You were on level 4 of the Dungeon.
You visited 1 branch of the dungeon, and saw 5 of its levels.

You collected 138 gold pieces.

Inventory:

Hand Weapons
 a - a +0 war axe (weapon)
Armour
 b - a +1 scale mail
 c - a +0 kite shield (worn)
 h - the +4 scale mail of Immorality (worn) {Slay+5}
   (You found it on level 4 of the Dungeon)

   Slay:      It affects your accuracy & damage with ranged weapons and melee
   (+5).
Jewellery
 k - the amulet "Dialaemp" (around neck) {Spirit Harm Fly rN+}
   (You acquired it on level 4 of the Dungeon)

   [amulet of guardian spirit]

   It causes incoming damage to be divided between your reserves of health and
   magic.
   rN:        It protects you from negative energy.
   Fly:       It grants you flight.
   Harm:      It increases damage dealt and taken.
 l - a ring of willpower (left hand)
Scrolls
 f - a scroll of noise
 j - a scroll of fog
 n - a scroll of identify
Potions
 d - a potion of might
 e - 2 potions of flight
 g - 2 potions of attraction


   Skills:
 + Level 5.5 Fighting
 * Level 7.1 Axes
 - Level 3.2 Armour
 - Level 3.2 Shields


You had 5 spell levels left.
You didn't know any spells.
Your spell library contained the following spells:

 Spells                   Type           Power      Damage    Failure   Level
 Beastly Appendage        Tmut           0%         N/A       100%        1
 Corpse Rot               Necr/Air       N/A        N/A       100%        2
 Sublimation of Blood     Necr           0%         N/A       100%        2
 Wereblood                Tmut           0%         N/A       100%        2
 Spider Form              Tmut/Pois      0%         N/A       100%        3
 Tukima's Dance           Hex            0%         N/A       100%        3
 Dispel Undead            Necr           0%         3d6       100%        4
 Passage of Golubria      Tloc           N/A        N/A       100%        4
 Petrify                  Tmut/Erth      0%         N/A       100%        4
 Irradiate                Conj/Tmut      0%         3d13      100%        5
 Yara's Violent Unravell  Hex/Tmut       0%         3d3       100%        5
 Death Channel            Necr           0%         N/A       100%        6


Dungeon Overview and Level Annotations

Branches:
Dungeon (5/15)
 Temple: D:4-7

Altars:


Message History

You are too injured to fight recklessly!
You are too injured to fight recklessly!
A wyvern is nearby!
You are too injured to fight recklessly!
You are too injured to fight recklessly!
A wyvern is nearby!
The wyvern hisses menacingly.
The wyvern barely misses you. The wyvern bites you!
You see here 9 gold pieces.
A gnoll comes into view. It is wielding a +1 whip of venom.
The gnoll shouts!
You closely miss the wyvern.
The wyvern is heavily wounded.
The wyvern bites you!
A gnoll comes into view. It is wielding a +0 spear.
The wyvern closely misses you.
You barely miss the wyvern.
The wyvern is heavily wounded.
The gnoll shouts!
The wyvern completely misses you.
A gnoll sergeant comes into view. It is wielding a +0 spear.
The wyvern bites you but does no damage.
A gnoll comes into view. It is wielding a +0 club.
You block the wyvern's attack. x2
You see here 9 gold pieces.
There is a stone staircase leading up, spattered with blood here.
You block the wyvern's attack. x2
You fly upwards.
There is a stone staircase leading down here.
You closely miss the wyvern.
The wyvern is heavily wounded.
The wyvern bites you!
* * * LOW HITPOINT WARNING * * *
The wyvern bites you but does no damage.
Your shield and scale mail of Immorality prevent you from hitting the wyvern.
The wyvern is heavily wounded.
The wyvern bites you but does no damage.
The wyvern hisses menacingly.
The wyvern bites you!
You die...

.#.##..#.)....(# #.###.# #.#.
.#.##....#####.# #.# #.# #<#.
.#.##.#.## #.# #.# #.# #.#.
........# #.# #.# #.######.#.
####....######.####.# #.#........
.#######.#.......##.# #..........
.###...##......#.##.# #........#.
.###....#####..#.##.###.....####.
..##..#..## #..#@##.........# #.
...#..##(.# #..#l....##.....# ###
#....###..# #..#####.##.....# #..
#....###..###..# #.####.### #.#
#...####..#....#####.####.# #.#
########....#.............# #.#
##...########)###### #.# ##..#
#.# #.# #### #.# #.#


You could see a wyvern.

Vanquished Creatures
  A hound (D:4)
  An orc priest (D:4)
  A jelly (D:4)
  An iguana (D:2)
  A mummy (D:4)
  2 adders (D:4)
  2 ufetubi (D:4)
  3 worms
  3 dart slugs
  9 orcs
  5 ball pythons
  5 endoplasms
  5 giant cockroaches
  12 hobgoblins
  4 jackals (D:3)
  3 quokkas
  4 bats
  2 frilled lizards (D:1)
  9 goblins
  9 kobolds
  3 kobold zombies (D:4)
  An orc zombie (D:4)
  8 rats
94 creatures vanquished.

Vanquished Creatures (others)
  5 plants
5 creatures vanquished.

Grand Total: 99 creatures vanquished

Notes
Turn   | Place    | Note
-------+----------+-------------------------------------------
     0 | D:1      | kae the Hill Orc Fighter began the quest for the Orb.
     0 | D:1      | Reached XP level 1. HP: 19/19 MP: 1/1
    25 | D:1      | Reached skill level 3 in Axes
    89 | D:1      | Reached XP level 2. HP: 27/27 MP: 2/2
   364 | D:1      | Reached skill level 4 in Axes
   418 | D:1      | Reached XP level 3. HP: 31/33 MP: 3/3
  1147 | D:2      | Reached skill level 5 in Axes
  1147 | D:2      | Reached XP level 4. HP: 41/41 MP: 4/4
  1597 | D:3      | Found a faded altar of an unknown god.
  2061 | D:3      | Reached XP level 5. HP: 47/47 MP: 5/5
  2145 | D:4      | Reached skill level 6 in Axes
  2146 | D:4      | Reached skill level 5 in Fighting
  2488 | D:4      | Identified a scroll of acquirement
  2488 | D:4      | Acquired the amulet "Dialaemp" {Spirit Harm Fly rN+}
  2725 | D:4      | Reached XP level 6. HP: 10/56 MP: 0/6
  3075 | D:4      | Reached skill level 7 in Axes
  3181 | D:4      | Identified the +4 scale mail of Immorality {Slay+5}
  3407 | D:5      | Entered Level 5 of the Dungeon
  3407 | D:5      | Noticed a wyvern
  3424 | D:4      | Slain by a wyvern

Illustrated notes

Levels and vault maps discovered:
D:1:      eino_arrival_tree_alley, layout_rooms, st_stairs_10
D:2:      layout_rooms, minmay_pentomino_s2
D:3:      layout_loops_ring, ebering_ecumenical_altar_mist,
          cheibrodos_sewer_entry_bend, hex_large, serial_bayou_pond_a
D:4:      layout_loops_ring, hangedman_glass_teeth, minmay_mini_ossuary
D:5:      layout_rooms, gammafunk_ghost_grave, serial_shops, nicolae_square_shop

Skill      XL: |  1  2  3  4  5  6 |
---------------+-------------------+-----
Axes           | 3 4 5 6 7 |  7.1
Fighting       | 4 5 |  5.5
Armour         | |  3.2
Shields        | |  3.2

Action                   |  1- 3 |  4- 6 || total
-------------------------+-------+-------++-------
Melee: War axe           |   121 |   151 ||   272
  Use: Scroll            |     2 |     8 ||    10
       Potion            |       |     4 ||     4
Armor: Scale mail        |    43 |    77 ||   120
Dodge: Dodged            |    41 |    41 ||    82
Block: Kite shield       |    62 |    97 ||   159

Table legend: (Time is in decaauts)
 A = Elapsed time spent in this place.
 B = Non-inter-level travel time spent in this place.
 C = Inter-level travel time spent in this place.
 D = Time resting spent in this place.
 E = Time spent auto-exploring this place.
 F = Levels seen in this place.
 G = Mean time per level.
                   A        B        C        D        E       F      G
               +--------+--------+--------+--------+--------+-----+--------+
         Total |   3545 |   3447 |     98 |     64 |   2677 |   5 |  709.0 |
       Dungeon |   3545 |   3447 |     98 |     64 |   2677 |   5 |  709.0 |
               +--------+--------+--------+--------+--------+-----+--------+

Top non-repeatable levels by time:
     D:4: 1304 daAuts
     D:3: 922 daAuts
     D:2: 696 daAuts
     D:1: 604 daAuts
     D:5: 16 daAuts
